 Dungeon Crawl Stone Soup version 0.25-a0-42-g6c54e25894 (webtiles) character file.

Game seed: 11925927124028134762, levelgen mode: deterministic

187 GrandHerb the Ducker (level 5, -1/41 HPs)
             Began as a Demonspawn Gladiator on Oct 22, 2019.
             Slain by a bullfrog skeleton (5 damage)
             ... on level 3 of the Dungeon.
             The game lasted 00:13:40 (2262 turns).

GrandHerb the Ducker (Demonspawn Gladiator)         Turns: 2262, Time: 00:13:41

Health: -1/41      AC: 11    Str: 14    XL:     5   Next: 39%
Magic:  5/5        EV: 19    Int: 10    God:
Gold:   130        SH:  0    Dex: 20    Spells: 4/4 levels left

rFire    + . .     SeeInvis +   a - +0 trident
rCold    . . .     Gourm    .   (no shield)
rNeg     . . .     Faith    .   b - +0 leather armour
rPois    .         Spirit   .   c - +0 helmet
rElec    .         Reflect  .   o - +0 cloak
rCorr    .         Harm     .   (no gloves)
MR       +....                  (no boots)
Stlth    ++++......             (no amulet)
HPRegen  0.13/turn              i - ring of see invisible
MPRegen  0.09/turn              n - ring of protection from magic

@: agile, sanguine armour
A: fire resistance 1, nightstalker 1, sanguine armour 1
a: no special abilities


You were on level 3 of the Dungeon.
You were hungry.

You visited 1 branch of the dungeon, and saw 3 of its levels.

You collected 130 gold pieces.

Inventory:

Hand Weapons
 a - a +0 trident (weapon)
Missiles
 d - 3 throwing nets (quivered)
 s - 7 poisoned darts
Armour
 b - a +0 leather armour (worn)
 c - a +0 helmet (worn)
 o - a +0 cloak (worn)
Jewellery
 i - a ring of see invisible (left hand)
 n - a ring of protection from magic (right hand)
 r - an uncursed ring of stealth {unknown}
Scrolls
 e - 4 scrolls of identify {unknown}
 k - a scroll of remove curse {unknown}
 l - a scroll of random uselessness {unknown}
Potions
 g - a potion of haste {unknown}
 h - 2 potions of degeneration {unknown}
 j - 2 potions of brilliance {unknown}
 m - 2 potions of curing {unknown}
 q - 2 potions of agility
Comestibles
 f - 3 rations


   Skills:
 + Level 3.1 Fighting
 + Level 3.4 Polearms
 + Level 2.7 Throwing
 + Level 1.8 Armour
 + Level 3.4 Dodging


You had 4 spell levels left.
You didn't know any spells.
Your spell library was empty.

Dungeon Overview and Level Annotations

Branches:
Dungeon (3/15)

Altars:
Dithmenos


Innate Abilities, Weirdness & Mutations

Your flesh is heat resistant. (rF+)
You are slightly more attuned to the shadows.
When seriously injured, your bleeding wounds create armour. (AC +6)


Message History

Press: ? - help, Dir - move target cursor, f/p - orc wizard
Aim: an orc wizard, wielding a +0 dagger and wearing a +0 robe (almost dead, slightly transparent)
You reach to attack!
You hit the orc wizard.
You kill the orc wizard!
The bullfrog skeleton completely misses you.
The bullfrog skeleton closely misses you.
Attack whom?
Press: ? - help, Dir - move target cursor, f - bullfrog skeleton
Aim: a bullfrog skeleton (heavily damaged)
You hit the bullfrog skeleton.
The bullfrog skeleton is heavily damaged.
The bullfrog skeleton hits you but does no damage.
You hit the bullfrog skeleton.
The bullfrog skeleton is severely damaged.
The bullfrog skeleton hits you but does no damage.
The bullfrog skeleton misses you.
You hit the bullfrog skeleton.
The bullfrog skeleton is almost destroyed.
The bullfrog skeleton hits you.
You die...

##### #...# #...#
####...####
.....$....## #######
.........(.# #......
>........†)# #.#####
...#.).###Z# #.#####
#...# #@# #.##...
#...# #.# #.##.##
##### #.# #.##.#
#.######## #.##.##
###........# #......
#..........# ####.##
#.#..####..# ####.#
#.#....##..# #....##
#....))....###.#...#


You could see a bullfrog skeleton.

Vanquished Creatures
  An orc priest (D:3)
  2 orc wizards (D:3)
  3 adders
  3 dart slugs (D:1)
  2 leopard geckos (D:1)
  7 orcs (D:3)
  5 bats
  6 giant cockroaches
  7 hobgoblins
  4 jackals
  2 frilled lizards (D:2)
  6 goblins
  5 kobolds
  8 rats
61 creatures vanquished.

Notes
Turn   | Place    | Note
-------+----------+-------------------------------------------
     0 | D:1      | GrandHerb the Demonspawn Gladiator began the quest for the
                  | Orb.
     0 | D:1      | Reached XP level 1. HP: 16/16 MP: 1/1
   120 | D:1      | Gained mutation: When seriously injured, your bleeding
                  | wounds create armour. (AC +6) [demonic ancestry]
   120 | D:1      | Reached XP level 2. HP: 18/22 MP: 2/2
   557 | D:1      | Reached XP level 3. HP: 28/28 MP: 3/3
   967 | D:2      | Found a faded altar of an unknown god.
  1023 | D:2      | Reached skill level 1 in Armour
  1546 | D:3      | Found a shadowy altar of Dithmenos.
  1623 | D:3      | Gained mutation: You are slightly more attuned to the
                  | shadows. [demonic ancestry]
  1623 | D:3      | Reached XP level 4. HP: 34/34 MP: 4/4
  2238 | D:3      | Gained mutation: Your flesh is heat resistant. (rF+)
                  | [demonic ancestry]
  2238 | D:3      | Reached XP level 5. HP: 18/41 MP: 5/5
  2262 | D:3      | Slain by a bullfrog skeleton

Levels and vault maps discovered:
D:1:      minmay_arrival_loop, layout_loops_ring, corner_web_ring
D:2:      layout_loops_cross, chequers_ecumenical_altar_simple_redux
D:3:      layout_loops_corners, grunt_dithmenos_smoke_and_mirrors

Skill      XL: |  1  2  3  4 |
---------------+-------------+-----
Throwing       | 2 |  2.7
Polearms       | 3 |  3.4
Dodging        | 3 |  3.4
Armour         | 1 |  1.8
Fighting       | 3 |  3.1

Action                   |  1- 3 |  4- 6 || total
-------------------------+-------+-------++-------
Melee: Trident           |   136 |   100 ||   236
  Use: Potion            |       |     1 ||     1
 Stab: Sleeping          |     2 |     3 ||     5
  Eat: Chunk             |     2 |     2 ||     4
Armor: Leather armour    |    29 |    32 ||    61
Dodge: Dodged            |    66 |    74 ||   140

Table legend:
 A = Non-vault XP
 B = Vault XP
 C = Vault XP percentage of total XP
 D = Non-vault monster count
 E = Vault monster count
 F = Vault count percentage of total count
                 A         B        C        D         E       F
            +---------+---------+-------+---------+---------+-------
      Total |     268 |       0 |   0.0 |      61 |       0 |   0.0
            +---------+---------+-------+---------+---------+-------
        D:1 |      50 |       0 |   0.0 |      24 |       0 |   0.0
        D:2 |      43 |       0 |   0.0 |      13 |       0 |   0.0
        D:3 |     175 |       0 |   0.0 |      24 |       0 |   0.0
            +---------+---------+-------+---------+---------+-------
